 Dungeon Crawl Stone Soup version 0.13-a0-2676-gd993d8a (webtiles) character file.

247 JacquesDerrida the Cudgeler (level 4, -7/35 HPs)
             Began as a Demigod Skald on Aug 12, 2013.
             Mangled by an ogre
             ... wielding a +0,+0 giant spiked club
              (21 damage)
             ... on Level 3 of the Dungeon.
             The game lasted 00:04:12 (2838 turns).

JacquesDerrida the Cudgeler (Demigod Skald)         Turns: 2838, Time: 00:04:12

HP  -7/35        AC  4     Str 15      XL: 4   Next: 94%
MP  11/11        EV 11     Int 17      God:
Gold 89          SH  0     Dex 17      Spells:  2 memorised,  2 levels left

Res.Fire  : . . .   See Invis. : .   a - +0 mace
Res.Cold  : . . .   Warding    : .   b - +0 leather armour
Life Prot.: . . .   Conserve   : .   (no shield)
Res.Poison: .       Res.Corr.  : .   (no helmet)
Res.Elec. : .       Clarity    : .   (no cloak)
Sust.Abil.: . .     Spirit.Shd : .   j - +0 pair of gloves
Res.Mut.  : .       Stasis     : .   (no boots)
Res.Rott. : .       Flight     : .   (no amulet)
Saprovore : . . .                    (no ring)
                                     r - ring of sustenance

@: slowed, very slow, slightly resistant to hostile enchantments, unstealthy
A: no striking features
a: no special abilities


You were on level 3 of the Dungeon.
You were not hungry.

You visited 1 branch of the dungeon, and saw 3 of its levels.

You collected 69 gold pieces.

Inventory:

Hand weapons
 a - a +0,+0 mace (weapon)
Missiles
 m - 8 needles of sleeping
Armour
 b - a +0 leather armour (worn)
 j - a +0 pair of gloves (worn)
Comestibles
 d - 2 bread rations
 f - a pear
 v - a meat ration
 x - a chunk of goblin flesh
Scrolls
 h - a scroll of amnesia {unknown}
 i - 3 scrolls of identify {unknown}
 l - a scroll of enchant weapon II {unknown}
 o - 2 scrolls of curse weapon {unknown}
 q - 3 scrolls of remove curse {unknown}
 s - 2 scrolls of fog {unknown}
 t - 2 scrolls of noise {unknown}
 u - a scroll of enchant armour {unknown}
Jewellery
 r - a ring of sustenance (left hand)
Potions
 e - 2 potions of agility {unknown}
 g - 2 potions of curing
 k - a potion of brilliance {unknown}
 n - a potion of invisibility {unknown}
 p - a potion of paralysis {unknown}
 w - a potion of flight {unknown}
Books
 c - a book of Battle

   Spells                             Type                      Level
   *Infusion                          Charms                       1
   Shroud of Golubria                 Charms/Translocation         2
   Song of Slaying                    Charms                       2
   *Spectral Weapon                   Hexes/Charms                 3
   Regeneration                       Charms/Necromancy            3
   Song of Shielding                  Charms                       4


   Skills:
 - Level 1.7 Fighting
 + Level 4.9 Maces & Flails
 - Level 0.8 Armour
 - Level 0.8 Dodging
 - Level 1.7 Spellcasting
 - Level 2.6 Charms


You had 2 spell levels left.
You knew the following spells:

 Your Spells              Type           Power        Failure   Level  Hunger
a - Infusion              Chrm           ##....       10%         1    #......
b - Spectral Weapon       Hex/Chrm       #.......     38%         3    ####...


Dungeon Overview and Level Annotations

Branches:
Dungeon (3/27)


Message History

You hit the kobold.
The kobold is heavily wounded.
The kobold barely misses you. The kobold misses you.
You hit the kobold but do no damage.
The kobold is heavily wounded.
You have got your breath back.
The kobold barely misses you.
You miss the kobold.
The kobold is heavily wounded.
The kobold hits you.
An ogre comes into view. It is wielding a giant spiked club.
You hit the kobold.
The kobold is almost dead.
The kobold barely misses you. The kobold closely misses you.
You completely miss the kobold.
The kobold is severely wounded.
The kobold hits you but does no damage.
The ogre hits you with a giant spiked club!
Ouch! That really hurt!
You die...

. #.# . .##.# #.# ## ...#
#.# .> #..# #.# .# #..# #.#
.# #(.# #.# .# #..# #.# .#
###.K####.######. .#
###....@O.).........
.#########.....#####.#######
...............# #.#####
...............### #(#...
##########.......###(#.#
#.....#.##.#..#
##........###.#
##.#.#..#.#..# #......##.#.#


You could see an ogre and a kobold.

Vanquished Creatures
  Sigmund (D:2)
  3 adders (D:2)
  A giant gecko (D:2)
  An ooze (D:1)
  13 goblins
  9 hobgoblins
  A ball python (D:2)
  6 bats
  5 giant cockroaches
  2 giant newts
  3 kobolds (D:1)
  4 quokkas
  7 rats
56 creatures vanquished.

Notes
Turn   | Place    | Note
--------------------------------------------------------------
     0 | D:1      | JacquesDerrida, the Demigod Skald, began the quest for the Orb.
     0 | D:1      | Reached XP level 1. HP: 16/16 MP: 5/5
   543 | D:1      | Reached XP level 2. HP: 18/23 MP: 6/6
  1112 | D:1      | Reached skill level 3 in Maces & Flails
  1645 | D:2      | Reached XP level 3. HP: 19/28 MP: 3/9
  1650 | D:2      | Learned a level 3 spell: Spectral Weapon
  1779 | D:2      | Noticed Sigmund
  1795 | D:2      | Killed Sigmund
  1795 | D:2      | Reached skill level 4 in Maces & Flails
  1795 | D:2      | Reached XP level 4. HP: 8/35 MP: 0/11
  2837 | D:3      | Noticed an ogre
  2838 | D:3      | Mangled by an ogre

Action                   |  1- 3 |  4- 6 || total
-------------------------+-------+-------++-------
Melee: Mace              |   111 |    90 ||   201
 Cast: Infusion          |     2 |     1 ||     3
       Spectral Weapon   |     1 |       ||     1
  Use: Potion            |       |     1 ||     1
